 Dungeon Crawl Stone Soup version 0.27-a0-1525-g1038ab4fd7 (webtiles) character file.

Game seed: 675781891571966725

32 hatdisgam the Shield-Bearer (level 3, -2/19 HPs)
             Began as a Vine Stalker Fighter on July 11, 2021.
             Succumbed to Jessica's poison
             ... on level 3 of the Dungeon.
             The game lasted 00:01:35 (1489 turns).

hatdisgam the Shield-Bearer (Vine Stalker Fighter)  Turns: 1489, Time: 00:01:35

Health: -2/19      AC:  6    Str: 18    XL:     3   Next: 25%
Magic:  2/4        EV:  7    Int:  9    God:
Gold:   75         SH:  9    Dex: 13    Spells: 2/2 levels left

rFire    + . .     SeeInvis .   a - +0 long sword
rCold    . . .     Faith    .   c - +0 kite shield
rNeg     . . .     Spirit   +   b - +0 scale mail
rPois    .         Reflect  .   (no helmet)
rElec    .         Harm     .   (no cloak)
rCorr    .         Rampage  .   (no gloves)
Will     .....                  (no boots)
Stlth    ..........             (no amulet)
HPRegen  0.06/turn              f - ring of protection from fire
MPRegen  0.09/turn              (no ring)

@: brilliant, lethally poisoned (-2 -> -19), attractive
A: fangs 2, magic shield, antimagic bite, no potion heal 2
a: no special abilities


You were on level 3 of the Dungeon.
You visited 1 branch of the dungeon, and saw 3 of its levels.

You collected 75 gold pieces.

Inventory:

Hand Weapons
 a - a +0 long sword (weapon)
Missiles
 g - 57 stones (quivered)
 j - 20 arrows
 k - 19 bolts
Armour
 b - a +0 scale mail (worn)
 c - a +0 kite shield (worn)
Jewellery
 f - a ring of protection from fire (left hand)
Scrolls
 e - a scroll of identify {unknown}
Potions
 d - 2 potions of might
 i - a potion of brilliance
 l - a potion of flight {unknown}
 m - a potion of lignification {unknown}


   Skills:
 - Level 2.6 Fighting
 * Level 2.8 Long Blades
 - Level 2.4 Armour
 + Level 3.1 Shields


You had 2 spell levels left.
You didn't know any spells.
Your spell library contained the following spells:

 Spells                   Type           Power      Damage    Failure   Level
 Animate Skeleton         Necr           0%         N/A       99%         1
 Apportation              Tloc           0%         N/A       99%         1
 Corona                   Hex            0%         N/A       99%         1
 Pain                     Necr           0%         1d4       99%         1
 Summon Small Mammal      Summ           0%         N/A       99%         1
 Agony                    Necr           0%         N/A       100%        5
 Excruciating Wounds      Necr           0%         N/A       100%        5


Dungeon Overview and Level Annotations

Branches:
Dungeon (3/15)

Altars:

Shops:
D:1 =

Annotations:
D:3 Jessica


Innate Abilities, Weirdness & Mutations

You have extremely sharp teeth.
When hurt, damage is shared between your health and your magic reserves.
Your bite disrupts and absorbs the magic of your enemies.
Potions cannot restore your health.


Message History

Found a stone staircase leading up.
As you open the door, it creaks loudly!
There is an open door here.
Done exploring.
Done exploring.
Done exploring.
Done exploring.
(D) Dungeon
Where to? (Enter - D:2, ? - help)
There is a stone staircase leading down here.
You climb downwards.
There is a stone staircase leading up here.
Unknown command.
There is a stone staircase leading up here.
Found an escape hatch in the ceiling.
Found a robe.
m - a glowing black potion Jessica the Apprentice Sorceress comes into view.
She is wielding a +6 dagger of venom.
Jessica shouts!
Jessica is nearby!
Jessica is nearby!
You see here a smoky sapphire potion.
Jessica gestures wildly.
Jessica casts a spell at you.
You barely resist. You barely miss Jessica. You bite Jessica.
Jessica's magic leaks into the air.
You drain her magic.
Jessica is lightly wounded.
Jessica hits you with a +6 dagger of venom!
You are lethally poisoned!
Jessica hits you with a +6 dagger of venom!
You are more poisoned.
It was a potion of brilliance.
You feel clever all of a sudden.
* * * LOW HITPOINT WARNING * * *
You feel very sick. You block Jessica's attack.
It was a potion of attraction.
You feel attractive to monsters.
You die...

.. ... #.#
###.#
##.#.#
##....###
#..@....+
#..@.#
##.#!#
###.# #.#
###.# #+#
#[..# #.#
##.#####
#.# #####
#....<.#
##.###....
#..###.#
##...##.###


You could see Jessica.

Vanquished Creatures
  2 ball pythons (D:1)
  2 endoplasms (D:1)
  2 goblins
  5 hobgoblins
  3 jackals (D:2)
  4 kobolds
  A quokka (D:2)
  3 bats
  3 frilled lizards
  4 rats
29 creatures vanquished.

Notes
Turn   | Place    | Note
-------+----------+-------------------------------------------
     0 | D:1      | hatdisgam the Vine Stalker Fighter began the quest for the
                  | Orb.
     0 | D:1      | Reached XP level 1. HP: 11/11 MP: 2/2
   243 | D:1      | Found Teextez's Jewellery Emporium.
   248 | D:1      | Reached XP level 2. HP: 12/16 MP: 3/3
   714 | D:2      | Reached skill level 3 in Shields
   862 | D:2      | Reached XP level 3. HP: 19/19 MP: 4/4
  1484 | D:3      | Noticed Jessica
  1489 | D:3      | Succumbed to Jessica's poison

Illustrated notes

Levels and vault maps discovered:
D:1:      dpeg_arrival_more_subterranean_lakeside_camping, layout_rooms,
          serial_shops, nicolae_shop_crystal
D:2:      layout_basic, serial_glass, glass_columns_c, glass_columns_c,
          minmay_fountain_box, kennysheep_decorative_pillar
D:3:      layout_loops_corners, mainiacjoe_overflow_surrounded_room,
          ebering_ecumenical_altar_sacrificial, minivault_11, uniq_grinder,
          uniq_terence, uniq_jessica

Skill      XL: |  1  2 |
---------------+-------+-----
Long Blades    | 2 |  2.8
Shields        | 3 |  3.1
Fighting       | |  2.6
Armour         | |  2.4

Action                   || total
-------------------------++-------
Melee: Long sword        ||    62
       Bite              ||    13
Throw: Stone             ||     2
  Use: Potion            ||     2
Armor: Scale mail        ||    25
Dodge: Dodged            ||    24
Block: Kite shield       ||    33
       Rpst.: Long sword ||    10

Table legend: (Time is in decaauts)
 A = Elapsed time spent in this place.
 B = Non-inter-level travel time spent in this place.
 C = Inter-level travel time spent in this place.
 D = Time resting spent in this place.
 E = Time spent auto-exploring this place.
 F = Levels seen in this place.
 G = Mean time per level.
                   A        B        C        D        E       F      G
               +--------+--------+--------+--------+--------+-----+--------+
         Total |   1521 |   1491 |     30 |      0 |   1302 |   3 |  507.0 |
       Dungeon |   1521 |   1491 |     30 |      0 |   1302 |   3 |  507.0 |
               +--------+--------+--------+--------+--------+-----+--------+

Top non-repeatable levels by time:
     D:2: 759 daAuts
     D:1: 704 daAuts
     D:3: 58 daAuts
